 Dungeon Crawl Stone Soup version 0.18-a0-1197-g8004e50 (webtiles) character file.

86 Ijustatesigmund the Skirmisher (level 4, 0/55 HPs)
             Began as a Demonspawn Fighter on Jan 30, 2016.
             Succumbed to Ijyb's poison
             ... on level 3 of the Dungeon.
             The game lasted 00:07:27 (1935 turns).

Ijustatesigmund the Skirmisher (Demonspawn Fighter) Turns: 1935, Time: 00:07:27

Health: 0/55       AC: 22    Str: 15    XL:     4   Next: 26%
Magic:  3/3        EV:  2    Int:  9    God:
Gold:   103        SH:  8    Dex: 13    Spells: 0 memorised, 3 levels left

rFire  . . .     SeeInvis .     a - +1 flail
rCold  . . .     Gourm    .     (armour currently unavailable)
rNeg   + + +     Faith    .     c - +0 shield
rPois  +         Spirit   +     (helmet currently unavailable)
rElec  .         Dismiss  .     (cloak currently unavailable)
rCorr  +         Reflect  .     (gloves currently unavailable)
SustAt +         Harm     .     (boots currently unavailable)
MR     .....     NoTele   +     q - amulet of guardian spirit
Stlth  +.........               e - ring of resist corrosion
                                x - ring of sustain attributes

@: lethally poisoned (0 -> -8), tree-form, very slightly contaminated, hasted,
very quick, not resistant to hostile enchantments, very unstealthy
A: low mp 1, teleportitis 1, weak 1, (sturdy frame 0)
a: no special abilities


You were on level 3 of the Dungeon.
You were not hungry.
You were a tree.
You visited 1 branch of the dungeon, and saw 3 of its levels.

You collected 103 gold pieces.

Inventory:

Hand Weapons
 a - a +1 flail (weapon)
Armour
 b - a +0 scale mail (melded)
 c - a +0 shield (worn)
 m - a +2 cloak (melded)
 n - a +2 pair of gloves (melded)
Jewellery
 e - a ring of resist corrosion (right branch)
 k - an uncursed amulet of faith
 q - an amulet of guardian spirit (around neck)
 x - a ring of sustain attributes (left branch)
Scrolls
 h - a scroll of enchant weapon
 j - 2 scrolls of teleportation
 w - a scroll of recharging
Potions
 d - 2 potions of might
 l - 2 potions of cure mutation
 o - a potion of brilliance
 u - a potion of lignification
 v - a potion of haste
Comestibles
 f - 3 bread rations
 g - 2 meat rations
 i - 2 beef jerkies
 s - a slice of pizza


   Skills:
 + Level 3.7 Fighting
 * Level 3.3 Maces & Flails
 + Level 3.0 Armour
 - Level 2.6 Shields


You had 3 spell levels left.
You didn't know any spells.

Dungeon Overview and Level Annotations

Branches:
Dungeon (3/15)

Altars:


Innate Abilities, Weirdness & Mutations

((Your movements are less encumbered by armour (ER -4).))
Your magical capacity is low (-10% MP).
You are occasionally teleported next to monsters.
You are weak. (Str -2)


Message History

Your +2 cloak melds into your body.
Your +2 pair of gloves melds into your body.
Your +0 scale mail melds into your body.
Your roots penetrate the ground.
* * * LOW HITPOINT WARNING * * *
You feel sick.
Drink which item? (? for menu, Esc to quit)
It was a potion of haste.
You feel yourself speed up.
You feel less confused.
* * * LOW HITPOINT WARNING * * *
You feel sick.
You are very lightly contaminated with residual magic.
Drink which item? (? for menu, Esc to quit)
It was a potion of mutation.
You feel extremely strange.
You feel less energetic.
You feel weirdly uncertain.
You feel weaker.
* * * LOW HITPOINT WARNING * * *
You feel sick.
* * * LOW HITPOINT WARNING * * *
You feel sick.
You die...

#..##.#####..........
#..##.##...........#.
#..##.##.##.########
#..##.##......#
##..##.##..#.#.#
....##.........#
...........#.#.#
#.########)....#
.......♣..#.#
###########... #####


There were no monsters in sight!

Vanquished Creatures
  Ijyb (D:3)
  An adder (D:3)
  An ooze (D:1)
  2 giant geckos
  3 giant cockroaches (D:1)
  8 goblins
  5 hobgoblins
  8 kobolds
  6 bats
  2 giant newts
  6 rats
43 creatures vanquished.

Notes
Turn   | Place    | Note
--------------------------------------------------------------
     0 | D:1      | Ijustatesigmund the Demonspawn Fighter began the quest for the Orb.
     0 | D:1      | Reached XP level 1. HP: 18/18 MP: 1/1
   146 | D:1      | Gained mutation: Your movements are slightly less encumbered by armour (ER -2). [demonic ancestry]
   146 | D:1      | Reached XP level 2. HP: 24/24 MP: 2/2
   504 | D:1      | Gained mutation: Your movements are less encumbered by armour (ER -4). [demonic ancestry]
   504 | D:1      | Reached XP level 3. HP: 29/29 MP: 3/3
  1881 | D:3      | Noticed Ijyb
  1926 | D:3      | Killed Ijyb
  1926 | D:3      | Reached XP level 4. HP: 9/37 MP: 4/4
  1931 | D:3      | HP: 2/55 [poisoned by Ijyb]
  1932 | D:3      | Gained mutation: Your magical capacity is low (-10% MP). [potion of mutation]
  1932 | D:3      | Gained mutation: You are occasionally teleported next to monsters. [potion of mutation]
  1932 | D:3      | Gained mutation: You are weak. (Str -2) [potion of mutation]
  1935 | D:3      | Succumbed to Ijyb's poison

Vault maps used:
D:1:      onia_arrival_mini_spirals
D:2:      first_bread, kennysheep_small_spiral, kennysheep_another_room,
          minivault_5, uniq_crazy_yiuf_cottage
D:3:      uniq_iyjb

Action                   |  1- 3 |  4- 6 || total
-------------------------+-------+-------++-------
Melee: Flail             |   142 |       ||   142
  Use: Scroll            |    10 |       ||    10
       Potion            |     2 |     3 ||     5
  Eat: Chunk             |     3 |       ||     3
